 Dungeon Sprint DCSS version 0.17-a0-2127-g1cb09f6 (webtiles) character file.

61381 Kidiri the Imperceptible (level 14, -8/59 HPs)
             Began as a Spriggan Enchanter on Oct 23, 2015.
             Was the Champion of Dithmenos.
             Shot with a bolt by a yaktaur captain (41 damage)
             ... in the Dungeon (Sprint III: "The Ten Rune Challenge").
             The game lasted 00:37:29 (6686 turns).

Kidiri the Imperceptible (Spriggan Enchanter)       Turns: 6686, Time: 00:37:30

Health: -8/59      AC: 11    Str: 10    XL:     14   Next: 12%
Magic:  15/36      EV: 42    Int: 20    God:    Dithmenos [******]
Gold:   2937       SH:  0    Dex: 28    Spells: 14 memorised, 2 levels left

rFire  . . .     SeeInvis +     Z - +10 quick blade "Omeog" {pierce, Str+4}
rCold  . . .     Clarity  +     Y - +2 robe {MR+}
rNeg   . . .     SustAt   .     (shield restricted)
rPois  .         Gourm    .     E - +2 hat
rElec  +         Spirit   .     n - +2 cloak "Ibamot" {rElec MR+ Dex+2 Stlth+}
rCorr  .         Warding  .     (gloves unavailable)
rMut   +         NoTele   +     (boots unavailable)
MR     +++++                    W - amulet "Ojua" {rMut MR+ Str-3 Dex+6}
Stlth  ++++++++++               X - +4 ring of strength
                                i - ring of the Octopus King {Wiz AC+1 EV+1 Str+1 Int+1 Dex+1}

@: shrouded, wreathed by umbra, very quick, almost entirely resistant to hostile
enchantments, uncannily stealthy
A: unfitting armour, see invisible, clarity, herbivore 3, speed 3, mutation
resistance 1, slow metabolism 2
a: Shadow Step, Shadow Form, Renounce Religion
}: 1/10 runes: barnacled


You were in the Dungeon.
You worshipped Dithmenos.
Dithmenos was exalted by your worship.
You were hungry.

You visited 1 branch You collected 6326 gold pieces.
You spent 3389 gold pieces at shops.

Inventory:

Hand Weapons
 a - a +4 quick blade
 R - a +3 short sword of holy wrath
 Z - the +10 quick blade "Omeog" (weapon) {pierce, Str+4}
   (You found it in the Dungeon)

   It inflicts extra damage upon your enemies.
   It affects your strength (+4).
Missiles
 G - 10 throwing nets (quivered)
Armour
 n - the +2 cloak "Ibamot" (worn) {rElec MR+ Dex+2 Stlth+}
   (You found it in the Dungeon)

   It affects your dexterity (+2).
   It insulates you from electricity.
   It affects your resistance to hostile enchantments.
   It makes you more stealthy.
 E - a +2 hat (worn)
 Y - a +2 robe of magic resistance (worn)
Jewellery
 i - a ring of the Octopus King (left hand) {Wiz AC+1 EV+1 Str+1 Int+1 Dex+1}
   (You bought it in a shop in the Dungeon)

   [ring of wizardry]

   It improves your spell success rate.
   It affects your AC (+1).
   It affects your evasion (+1).
   It affects your strength (+1).
   It affects your intelligence (+1).
   It affects your dexterity (+1).
 m - an uncursed ring of flight
 K - an uncursed ring of protection from magic
 W - the amulet "Ojua" (around neck) {rMut MR+ Str-3 Dex+6}
   (You found it in the Dungeon)

   [amulet of resist mutation]

   It protects you from mutation.
   It affects your strength (-3).
   It affects your dexterity (+6).
   It affects your resistance to hostile enchantments.
 X - a +4 ring of strength (right hand)
Wands
 b - a wand of heal wounds (7)
 H - a wand of magic darts (30)
Scrolls
 d - a scroll of remove curse
 j - 3 scrolls of blinking
 k - a scroll of fog
 p - a scroll of torment
 q - a scroll of enchant armour
 r - 8 scrolls of amnesia
 v - a scroll of immolation
 S - a scroll of silence
Potions
 e - 9 potions of curing
 f - 4 potions of heal wounds
 g - 2 potions of haste
 h - 2 potions of magic
 t - a potion of cure mutation
 u - a potion of flight
 z - a potion of resistance
 C - a potion of berserk rage
 D - a potion of might
 Q - a potion of brilliance
Books
 l - a book of Burglary

   Spells                             Type                      Level
   a - Swiftness                      Charms/Air                   2
   b - Passwall                       Transmutation/Earth          3
   c - Passage of Golubria            Translocation                4
   d - Lee's Rapid Deconstruction     Earth                        5
   e - Darkness                       Hexes                        6
   f - Invisibility                   Hexes                        6
Comestibles
 c - 27 royal jellies
 s - 17 fruits


   Skills:
 * Level 15.8 Short Blades
 + Level 8.4 Armour
 * Level 20.0 Dodging
 * Level 21.5 Stealth
 * Level 17.3 Spellcasting
 + Level 8.3 Conjurations
 + Level 13.0 Hexes
 + Level 6.6 Charms
 + Level 6.4 Translocations
 + Level 3.9 Transmutations
 + Level 9.0 Ice Magic
 + Level 9.5 Air Magic
 + Level 4.0 Earth Magic
 + Level 10.0 Poison Magic
 - Level 2.2 Invocations


You had 2 spell levels left.
You knew the following spells:

 Your Spells              Type           Power        Failure   Level  Hunger
a - Corona                Hex            ######.      0%          1    None
b - Ensorcelled Hibernat  Hex/Ice        ######       1%          2    None
c - Confuse               Hex            ######..     1%          3    None
d - Tukima's Dance        Hex            ######..     1%          3    None
e - Dazzling Spray        Conj/Hex       ######..     1%          3    None
f - Mephitic Cloud        Conj/Pois/Air  ######..     1%          3    None
g - Freezing Cloud        Conj/Ice/Air   ######....   6%          6    #####..
h - Poisonous Cloud       Conj/Pois/Air  ######....   4%          6    #####..
i - Apportation           Tloc           #####.....   1%          1    None
j - Shroud of Golubria    Chrm/Tloc      #####.....   1%          2    None
k - Passage of Golubria   Tloc           N/A          1%          4    None
l - Searing Ray           Conj           ######       1%          2    None
m - Iron Shot             Conj/Erth      #####.....   16%         6    #####..
n - Passwall              Trmt/Erth      ####......   1%          3    None


Dungeon Overview and Level Annotations

Branches:
Dungeon (1/1)

Altars:
Cheibriados
Dithmenos
Elyvilon
Fedhas
Gozag
Kikubaaqudgha
Makhleb
Nemelex Xobeh
Okawaru
Qazlal
Ru
Sif Muna
Trog
Vehumet
Xom
Yredelemnul
Zin
The Shining One
Jiyva
Lugonu

Shops:
D (%}[?[:=!??:?=(%[}(


Innate Abilities, Weirdness & Mutations

You are tiny and cannot use many weapons and most armour.
You have supernaturally acute eyesight.
You are a herbivore.
You cover ground extremely quickly.
You need consume almost no food.
You possess an exceptional clarity of mind.
You are somewhat resistant to further mutation.


Message History

The yaktaur captain resists with almost no effort.
Casting: Ensorcelled Hibernation
Confirm with . or Enter, or press ? or * to list all spells.
Aiming: Ensorcelled Hibernation
Press: ? - help, Shift-Dir - straight line, f/p - yaktaur captain
Aim: a yaktaur captain (umbra, chance to defeat MR: 37%)
The yaktaur captain easily resists.
Casting: Ensorcelled Hibernation
Confirm with . or Enter, or press ? or * to list all spells.
Aiming: Ensorcelled Hibernation
Press: ? - help, Shift-Dir - straight line, f/p - yaktaur captain
Aim: a yaktaur captain (umbra, chance to defeat MR: 37%)
The yaktaur captain easily resists.
Your shadow mimicks your spell!
The yaktaur captain resists with almost no effort.
The yaktaur captain wields an uncursed arbalest of chaos.
It is briefly surrounded by a scintillating aura of random colours.
The yaktaur captain shoots a bolt.
The bolt hits you!!!
Ouch! That really hurt!
You die...

..'.#%..+.#..#..§§§.#
..#######.+..#......#
###.....#.####......#
∩.#..#..#.#..#..c(..#
∩.#.#.#.#.+..#..(§..#
∩.#.....#.#..#......#
∩.#.....#.#..#......#
..#.#.#.+.#..#......#
###..#..#.#..#..@.^.#
♣.#.....###########+#
..#######**********,*
..#,,,*,*,,,,,,,,*,,*
..#,,,***,,,,,,,,+,,*
..#,,,,,,,,,,,,,,+,,*
###,,,,,,,,,,,,,,*,,*
******************,,*
*,*,,,,,,,,,,,,,,,,,*


You could see a yaktaur captain.

Vanquished Creatures
  Rupert (D)
  A deep elf master archer (D)
  Polyphemus (D)
  Gastronok (D)
  Dowan (D)
  Ilsuiw (D)
  Maud (D)
  A deep elf demonologist (D)
  2 dire elephants (D)
  2 deep elf annihilators (D)
  A deep elf death mage (D)
  A merfolk javelineer (D)
  A fire dragon (D)
  A deep elf high priest (D)
  2 hydras (D)
  A centaur warrior (D)
  Erolcha (D)
  4 death yaks (D)
  4 dancing weapons (D)
  A deep elf knight (D)
  A death drake (D)
  A spriggan druid (D)
  A sea snake (D)
  A deep elf summoner (D)
  A lindwurm (D)
  5 swamp dragons (D)
  3 deep elf conjurers (D)
  An ugly thing (D)
  4 crystal guardians (D)
  An orc knight (D)
  2 elephants (D)
  A griffon (shapeshifter) (D)
  2 black mambas (D)
  A torpor snail (shapeshifter) (D)
  Duvessa (D)
  An orange crystal statue (D)
  2 spiny frogs (D)
  A komodo dragon (D)
  2 deep elf priests (D)
  3 wandering mushrooms (D)
  4 spriggan defenders (D)
  A fire drake (D)
  A queen bee (D)
  A wind drake (shapeshifter) (D)
  An orc high priest (D)
  8 blink frogs (D)
  4 slime creatures (D)
  2 trapdoor spiders (D)
  4 redbacks (D)
  2 spriggans (D)
  A shadow (D)
  A spatial vortex (D)
  2 hill giants (D)
  3 swamp drakes (D)
  2 orc warriors (D)
  A necrophage (D)
  2 brain worms (D)
  A water elemental (D)
  32 killer bees (D)
  An electric eel (D)
  A jelly (D)
  5 orc priests (D)
  Jessica (D)
  4 orc wizards (D)
  A wizard (D)
  A necromancer (D)
  A wolf (D)
  3 sheep (D)
  3 humans (D)
  A kobold demonologist (D)
  An ooze (D)
  7 orcs (D)
  2 rats (D)
  13 plants (D)
182 creatures vanquished.

Vanquished Creatures (collateral kills)
  An orc warrior (D)
  3 two-headed ogres (D)
  An orc (D)
5 creatures vanquished.

Vanquished Creatures (others)
  2 draconian scorchers (D)
  A dancing weapon (D)
  3 yaktaurs (D)
  A bush (D)
  6 plants (D)
13 creatures vanquished.

Grand Total: 200 creatures vanquished

Notes
Turn   | Place    | Note
--------------------------------------------------------------
     0 | D        | Kidiri the Spriggan Enchanter began the quest for the Orb.
     0 | D        | Reached XP level 1. HP: 9/9 MP: 5/5
    11 | D        | Reached skill level 5 in Stealth
    44 | D        | Noticed Jessica
    48 | D        | Killed Jessica
    48 | D        | Reached skill level 1 in Armour
    48 | D        | Reached skill level 6 in Stealth
    48 | D        | Reached XP level 2. HP: 13/13 MP: 8/8
    48 | D        | Reached XP level 3. HP: 16/16 MP: 9/9
    52 | D        | Learned a level 2 spell: Ensorcelled Hibernation
    56 | D        | Learned a level 3 spell: Confuse
    60 | D        | Learned a level 3 spell: Dazzling Spray
    89 | D        | Killed a yaktaur
    99 | D        | Noticed a wolf
   110 | D        | Reached skill level 5 in Dodging
   159 | D        | Killed a wolf
   159 | D        | Reached XP level 4. HP: 21/21 MP: 3/11
   164 | D        | Learned a level 3 spell: Tukima's Dance
   201 | D        | Gained mutation: You regenerate slowly when monsters are visible. [potion of mutation]
   201 | D        | Gained mutation: You can breathe flames. [potion of mutation]
   202 | D        | Lost mutation: You can breathe flames. [potion of cure mutation]
   202 | D        | Lost mutation: You regenerate slowly when monsters are visible. [potion of cure mutation]
   203 | D        | Gained mutation: Your magical capacity is low (-10% MP). [potion of mutation]
   203 | D        | Gained mutation: Your magical capacity is very low (-20% MP). [potion of mutation]
   203 | D        | Killed a white draconian scorcher
   204 | D        | Lost mutation: Your magical capacity is very low (-20% MP). [potion of cure mutation]
   204 | D        | Lost mutation: Your magical capacity is low (-10% MP). [potion of cure mutation]
   205 | D        | Gained mutation: You possess an exceptional clarity of mind. [potion of mutation]
   205 | D        | Gained mutation: You are somewhat resistant to further mutation. [potion of mutation]
   205 | D        | Killed a white draconian scorcher
   245 | D        | Noticed a water elemental
   260 | D        | Killed a water elemental
   260 | D        | Reached skill level 7 in Stealth
   260 | D        | Reached skill level 5 in Spellcasting
   260 | D        | Reached skill level 1 in Conjurations
   260 | D        | Reached skill level 5 in Hexes
   260 | D        | Reached skill level 1 in Ice Magic
   307 | D        | Noticed a jelly
   308 | D        | Noticed a shadow
   310 | D        | Killed a shadow
   310 | D        | Reached skill level 5 in Short Blades
   310 | D        | Reached skill level 8 in Dodging
   310 | D        | Reached skill level 9 in Stealth
   310 | D        | Reached XP level 5. HP: 24/24 MP: 13/15
   310 | D        | Reached XP level 6. HP: 28/28 MP: 13/16
   314 | D        | Killed a jelly
   340 | D        | Found a stormy altar of Qazlal.
   341 | D        | Found a sacrificial altar of Ru.
   341 | D        | Found a burning altar of Makhleb.
   341 | D        | Found a viscous altar of Jiyva.
   341 | D        | Found a shimmering altar of Xom.
   341 | D        | Found a shadowy altar of Dithmenos.
   341 | D        | Found a sparkling altar of Nemelex Xobeh.
   341 | D        | Found a corrupted altar of Lugonu.
   341 | D        | Found an opulent altar of Gozag.
   341 | D        | Noticed a spatial vortex
   345 | D        | Became a worshipper of Dithmenos the Shadowed
   348 | D        | Killed a spatial vortex
   348 | D        | Reached skill level 10 in Stealth
   348 | D        | Reached skill level 1 in Invocations
   371 | D        | Found a radiant altar of Vehumet.
   372 | D        | Found a deep blue altar of Sif Muna.
   372 | D        | Found an ancient bone altar of Kikubaaqudgha.
   372 | D        | Noticed a wizard
   373 | D        | Killed a wizard
   375 | D        | Reached * piety under Dithmenos
   387 | D        | Learned a level 3 spell: Mephitic Cloud
   401 | D        | Found a glowing silver altar of Zin.
   402 | D        | Found a glowing golden altar of the Shining One.
   402 | D        | Found a white marble altar of Elyvilon.
   402 | D        | Noticed a deep elf priest
   404 | D        | Killed a deep elf priest
   404 | D        | Reached skill level 1 in Air Magic
   404 | D        | Reached skill level 1 in Poison Magic
   404 | D        | Reached XP level 7. HP: 32/32 MP: 17/19
   418 | D        | Found an iron altar of Okawaru.
   419 | D        | Found a bloodstained altar of Trog.
   419 | D        | Noticed a human
   419 | D        | Noticed a human
   421 | D        | Killed a human
   421 | D        | Reached skill level 10 in Dodging
   421 | D        | Reached skill level 11 in Stealth
   422 | D        | Killed a human
   442 | D        | Learned a level 6 spell: Freezing Cloud
   452 | D        | Found a snail-covered altar of Cheibriados.
   452 | D        | Noticed a necrophage
   453 | D        | Found a basalt altar of Yredelemnul.
   453 | D        | Found a blossoming altar of Fedhas.
   453 | D        | Noticed a necromancer
   454 | D        | Killed a necrophage
   454 | D        | Reached ** piety under Dithmenos
   454 | D        | Reached XP level 8. HP: 36/36 MP: 21/21
   455 | D        | Killed a necromancer
   518 | D        | Noticed a two-headed ogre
   518 | D        | Noticed a two-headed ogre
   525 | D        | Killed a two-headed ogre
   527 | D        | Killed a two-headed ogre
   529 | D        | Noticed a two-headed ogre
   535 | D        | Killed a two-headed ogre
   535 | D        | Reached *** piety under Dithmenos
   567 | D        | Noticed a hill giant
   567 | D        | Noticed Erolcha
   568 | D        | Noticed a hill giant
   585 | D        | Killed Erolcha
   585 | D        | Reached skill level 12 in Stealth
   728 | D        | Noticed a redback
   812 | D        | Killed a hill giant
   812 | D        | Reached skill level 10 in Spellcasting
   812 | D        | Reached XP level 9. HP: 39/39 MP: 8/24
   816 | D        | Killed a redback
   940 | D        | Killed a yaktaur
   955 | D        | Noticed a trapdoor spider
   961 | D        | Killed a hill giant
   961 | D        | Reached **** piety under Dithmenos
   961 | D        | Reached skill level 13 in Stealth
   963 | D        | Killed a trapdoor spider
   971 | D        | Noticed a trapdoor spider
   974 | D        | Killed a trapdoor spider
  1240 | D        | Learned a level 6 spell: Poisonous Cloud
  1298 | D        | Noticed a killer bee
  1298 | D        | Noticed a killer bee
  1298 | D        | Noticed a killer bee
  1299 | D        | Noticed a killer bee
  1299 | D        | Noticed a killer bee
  1299 | D        | Noticed a killer bee
  1299 | D        | Noticed a killer bee
  1299 | D        | Noticed a killer bee
  1299 | D        | Noticed a killer bee
  1299 | D        | Noticed a killer bee
  1299 | D        | Noticed a killer bee
  1299 | D        | Noticed a killer bee
  1299 | D        | Noticed a killer bee
  1299 | D        | Noticed a killer bee
  1299 | D        | Noticed a killer bee
  1299 | D        | Noticed a killer bee
  1299 | D        | Noticed a killer bee
  1299 | D        | Noticed a killer bee
  1299 | D        | Noticed a queen bee
  1299 | D        | Noticed a killer bee
  1299 | D        | Noticed a killer bee
  1299 | D        | Noticed a killer bee
  1299 | D        | Noticed a killer bee
  1299 | D        | Noticed a killer bee
  1299 | D        | Noticed a killer bee
  1299 | D        | Noticed a killer bee
  1299 | D        | Noticed a killer bee
  1299 | D        | Noticed a killer bee
  1299 | D        | Noticed a killer bee
  1299 | D        | Noticed a killer bee
  1299 | D        | Noticed a killer bee
  1299 | D        | Noticed a killer bee
  1299 | D        | Noticed a killer bee
  1300 | D        | Killed a killer bee
  1301 | D        | Killed a killer bee
  1309 | D        | Killed a killer bee
  1311 | D        | Killed a killer bee
  1314 | D        | Killed a killer bee
  1314 | D        | Reached ***** piety under Dithmenos
  1316 | D        | Killed a killer bee
  1318 | D        | Killed a killer bee
  1320 | D        | Killed a killer bee
  1322 | D        | Killed a killer bee
  1324 | D        | Killed a killer bee
  1326 | D        | Killed a killer bee
  1328 | D        | Killed a killer bee
  1330 | D        | Killed a killer bee
  1469 | D        | Killed a killer bee
  1471 | D        | Killed a killer bee
  1504 | D        | Killed a killer bee
  1506 | D        | Killed a killer bee
  1509 | D        | Killed a killer bee
  1509 | D        | Reached ****** piety under Dithmenos
  1513 | D        | Killed a killer bee
  1515 | D        | Killed a killer bee
  1518 | D        | Killed a killer bee
  1645 | D        | Killed a killer bee
  1645 | D        | Reached skill level 14 in Stealth
  1647 | D        | Killed a killer bee
  1648 | D        | Killed a killer bee
  1648 | D        | Killed a killer bee
  1649 | D        | Killed a killer bee
  1651 | D        | Killed a killer bee
  1651 | D        | Killed a killer bee
  1653 | D        | Killed a killer bee
  1806 | D        | Killed a killer bee
  1806 | D        | Reached skill level 10 in Short Blades
  1814 | D        | Killed a killer bee
  1814 | D        | Reached XP level 10. HP: 44/44 MP: 22/26
  1818 | D        | Killed a queen bee
  1818 | D        | Reached skill level 5 in Ice Magic
  1818 | D        | Reached skill level 5 in Poison Magic
  1833 | D        | Killed a killer bee
  1942 | D        | Noticed a wandering mushroom
  1943 | D        | Noticed a wandering mushroom
  1943 | D        | Noticed a wandering mushroom
  1944 | D        | Killed a wandering mushroom
  1948 | D        | Killed a wandering mushroom
  1952 | D        | Killed a wandering mushroom
  1952 | D        | Reached skill level 5 in Armour
  2084 | D        | Noticed a spiny frog
  2084 | D        | Noticed a komodo dragon
  2084 | D        | Noticed a spiny frog
  2087 | D        | Killed a spiny frog
  2091 | D        | Killed a komodo dragon
  2093 | D        | Killed a spiny frog
  2093 | D        | Reached skill level 15 in Stealth
  2093 | D        | Reached skill level 5 in Air Magic
  2143 | D        | Noticed a redback
  2145 | D        | Killed a redback
  2146 | D        | Noticed a brain worm
  2149 | D        | Killed a brain worm
  2155 | D        | Noticed a brain worm
  2157 | D        | Killed a brain worm
  2162 | D        | Noticed a lindwurm
  2164 | D        | Noticed a redback
  2165 | D        | Killed a lindwurm
  2165 | D        | Reached skill level 5 in Conjurations
  2167 | D        | Killed a redback
  2172 | D        | Noticed a redback
  2173 | D        | Killed a redback
  2174 | D        | Noticed Maud
  2177 | D        | Killed Maud
  2177 | D        | Reached XP level 11. HP: 47/47 MP: 28/28
  2182 | D        | Noticed an electric eel
  2183 | D        | Noticed an eight-headed hydra
  2183 | D        | Noticed an eight-headed hydra
  2198 | D        | Killed an eight-headed hydra
  2198 | D        | Reached skill level 16 in Stealth
  2223 | D        | Killed an eight-headed hydra
  2316 | D        | Killed an electric eel
  2323 | D        | Noticed a death drake
  2326 | D        | Killed a death drake
  2326 | D        | Reached skill level 15 in Dodging
  2326 | D        | Reached skill level 10 in Hexes
  2348 | D        | Found a blossoming altar of Fedhas.
  2348 | D        | Noticed a spriggan
  2348 | D        | Noticed a spriggan druid
  2348 | D        | Noticed a spriggan
  2350 | D        | Killed a spriggan druid
  2351 | D        | Killed a spriggan
  2352 | D        | Killed a spriggan
  2386 | D        | Noticed Polyphemus
  2387 | D        | Noticed Ilsuiw
  2393 | D        | Killed Polyphemus
  2393 | D        | Reached skill level 17 in Stealth
  2476 | D        | Killed Ilsuiw
  2486 | D        | Found Heor's Magic Scroll Emporium.
  2486 | D        | Found Xiapojue's Antique Armour Shop.
  2486 | D        | Found Ditzulaabenn's Book Shoppe.
  2486 | D        | Noticed a sea snake
  2486 | D        | Noticed a merfolk javelineer
  2489 | D        | Killed a sea snake
  2515 | D        | Killed a merfolk javelineer
  2522 | D        | Bought a scroll of identify for 20 gold pieces
  2538 | D        | Got a barnacled rune of Zot
  2717 | D        | Noticed a swamp drake
  2717 | D        | Noticed a fire drake
  2718 | D        | Killed a fire drake
  2720 | D        | Killed a swamp drake
  2731 | D        | Noticed a blink frog
  2731 | D        | Noticed a blink frog
  2731 | D        | Noticed a blink frog
  2731 | D        | Noticed a blink frog
  2732 | D        | Noticed a blink frog
  2733 | D        | Killed a blink frog
  2733 | D        | Reached XP level 12. HP: 51/51 MP: 26/31
  2737 | D        | Killed a blink frog
  2741 | D        | Killed a blink frog
  2743 | D        | Killed a blink frog
  2747 | D        | Killed a blink frog
  2814 | D        | Noticed Rupert
  2816 | D        | Killed Rupert
  2816 | D        | Reached skill level 18 in Stealth
  2836 | D        | Noticed a death yak
  2837 | D        | Noticed a death yak
  2837 | D        | Noticed a blink frog
  2838 | D        | Noticed an azure jelly
  2838 | D        | Noticed a death yak
  2838 | D        | Noticed an azure jelly
  2838 | D        | Noticed a blink frog
  2838 | D        | Noticed a death yak
  2839 | D        | Killed a death yak
  2840 | D        | Killed a death yak
  2841 | D        | Noticed a blink frog
  2847 | D        | Killed a blink frog
  2855 | D        | Killed a death yak
  3122 | D        | Noticed a black mamba
  3123 | D        | Noticed a black mamba
  3125 | D        | Killed a blink frog
  3132 | D        | Killed a black mamba
  3132 | D        | Reached skill level 15 in Spellcasting
  3133 | D        | Killed a death yak
  3135 | D        | Killed a black mamba
  3161 | D        | Killed a blink frog
  3269 | D        | Noticed a swamp drake
  3269 | D        | Noticed a swamp dragon
  3271 | D        | Killed a swamp drake
  3275 | D        | Noticed a swamp drake
  3276 | D        | Found Erph's Antique Weapon Shoppe.
  3276 | D        | Found Yhelodgh's Food Boutique.
  3276 | D        | Found Nitur's Gadget Emporium.
  3276 | D        | Noticed a swamp dragon
  3276 | D        | Noticed a swamp dragon
  3276 | D        | Noticed a swamp dragon
  3278 | D        | Killed a swamp dragon
  3280 | D        | Killed a swamp dragon
  3283 | D        | Killed a swamp drake
  3283 | D        | Reached skill level 19 in Stealth
  3288 | D        | Killed a swamp dragon
  3289 | D        | Killed a swamp dragon
  3308 | D        | Noticed a swamp dragon
  3314 | D        | Killed a swamp dragon
  3451 | D        | Noticed an azure jelly
  3451 | D        | Noticed an azure jelly
  3452 | D        | Noticed an elephant
  3452 | D        | Noticed an elephant
  3452 | D        | Noticed a dire elephant
  3452 | D        | Noticed a dire elephant
  3452 | D        | Noticed Gastronok
  3467 | D        | Killed Gastronok
  3471 | D        | Killed an elephant
  3472 | D        | Killed a dire elephant
  3472 | D        | Reached XP level 13. HP: 34/55 MP: 4/33
  3643 | D        | Killed a dire elephant
  3644 | D        | Killed an elephant
  3879 | D        | Noticed an orc wizard
  3879 | D        | Noticed an orc warrior
  3879 | D        | Noticed an orc priest
  3879 | D        | Noticed an orc wizard
  3879 | D        | Noticed an orc warrior
  3879 | D        | Noticed an orc warrior
  3880 | D        | Noticed an orc knight
  3880 | D        | Noticed an orc wizard
  3880 | D        | Noticed an orc priest
  3883 | D        | Killed an orc wizard
  3888 | D        | Killed an orc warrior
  3889 | D        | Noticed an orc wizard
  3890 | D        | Killed an orc wizard
  3893 | D        | Killed an orc wizard
  3901 | D        | Killed an orc warrior
  3907 | D        | Killed an orc priest
  3917 | D        | Killed an orc warrior
  3918 | D        | Killed an orc knight
  3922 | D        | Killed an orc wizard
  3926 | D        | Killed an orc priest
  3953 | D        | Found Ystrazei's Antique Armour Emporium.
  4048 | D        | Bought an embroidered robe for 16 gold pieces
  4248 | D        | Bought a scroll of remove curse for 30 gold pieces
  4248 | D        | Bought a scroll of blinking for 75 gold pieces
  4248 | D        | Bought a scroll of blinking for 75 gold pieces
  4248 | D        | Bought a scroll of enchant weapon for 75 gold pieces
  4250 | D        | Bought Jaqui's Guide on Conjuration and Augmentations for 691 gold pieces
  4250 | D        | Bought a book of Spatial Translocations for 650 gold pieces
  4293 | D        | Learned a level 1 spell: Apportation
  4296 | D        | Learned a level 2 spell: Shroud of Golubria
  4301 | D        | Learned a level 4 spell: Passage of Golubria
  4413 | D        | Learned a level 2 spell: Searing Ray
  4420 | D        | Learned a level 6 spell: Iron Shot
  4461 | D        | Noticed a deep elf summoner
  4461 | D        | Noticed a deep elf conjurer
  4461 | D        | Noticed a deep elf conjurer
  4461 | D        | Noticed a deep elf priest
  4461 | D        | Noticed a deep elf knight
  4470 | D        | Killed a deep elf knight
  4470 | D        | Killed a deep elf conjurer
  4470 | D        | Reached skill level 1 in Charms
  4470 | D        | Reached skill level 1 in Translocations
  4487 | D        | Killed a deep elf priest
  4489 | D        | Killed a deep elf conjurer
  4489 | D        | Reached skill level 1 in Earth Magic
  4489 | D        | Killed a deep elf summoner
  4569 | D        | Noticed a deep elf high priest
  4632 | D        | Noticed a deep elf conjurer
  4633 | D        | Noticed a deep elf annihilator
  4636 | D        | Noticed a deep elf demonologist
  4636 | D        | Noticed a deep elf annihilator
  4636 | D        | Noticed a deep elf death mage
  4636 | D        | Killed a deep elf conjurer
  4636 | D        | Reached skill level 20 in Stealth
  4639 | D        | Killed a deep elf high priest
  4642 | D        | Killed a deep elf demonologist
  4644 | D        | Noticed a deep elf master archer
  4728 | D        | Killed a yaktaur
  5075 | D        | Killed a deep elf annihilator
  5075 | D        | Killed a deep elf master archer
  5075 | D        | Reached skill level 15 in Short Blades
  5076 | D        | Killed a deep elf annihilator
  5232 | D        | Got an ancient trident {vamp}
  5430 | D        | Killed a deep elf death mage
  5455 | D        | Got a sparkling ivory amulet
  5549 | D        | Identified the amulet "Ojua" {rMut MR+ Str-3 Dex+6} (You found it in the Dungeon)
  5617 | D        | Got a slimy cloak
  5625 | D        | Identified the +2 cloak "Ibamot" {rElec MR+ Dex+2 Stlth+} (You found it in the Dungeon)
  5729 | D        | Learned a level 3 spell: Passwall
  5769 | D        | Noticed Dowan
  5769 | D        | Noticed Duvessa
  5771 | D        | Killed Duvessa
  5776 | D        | Killed Dowan
  5776 | D        | Reached skill level 1 in Transmutations
  5790 | D        | Noticed an orc priest
  5790 | D        | Noticed an orc priest
  5792 | D        | Noticed an orc high priest
  5792 | D        | Noticed an orc priest
  5793 | D        | Killed an orc priest
  5795 | D        | Killed an orc priest
  5797 | D        | Killed an orc priest
  5798 | D        | Killed an orc high priest
  5798 | D        | Reached skill level 5 in Translocations
  5834 | D        | Noticed an orange crystal statue
  5837 | D        | Noticed a spriggan defender
  5837 | D        | Noticed a spriggan defender
  5837 | D        | Noticed a spriggan defender
  5837 | D        | Noticed a spriggan defender
  5839 | D        | Killed a spriggan defender
  5839 | D        | Reached skill level 5 in Charms
  5840 | D        | Killed a spriggan defender
  5842 | D        | Killed a spriggan defender
  5843 | D        | Killed a spriggan defender
  5915 | D        | Noticed a wind drake
  5917 | D        | Killed a wind drake
  5919 | D        | Noticed a slime creature
  5923 | D        | Killed a slime creature
  5939 | D        | Noticed a slime creature
  5941 | D        | Noticed a torpor snail
  5944 | D        | Killed a torpor snail
  5949 | D        | Noticed a slime creature
  5950 | D        | Killed a slime creature
  5952 | D        | Killed a slime creature
  5975 | D        | Noticed a fire dragon
  5978 | D        | Killed a fire dragon
  5978 | D        | Reached skill level 21 in Stealth
  5986 | D        | Noticed a centaur warrior
  5990 | D        | Killed a centaur warrior
  6027 | D        | Noticed a slime creature
  6029 | D        | Killed a slime creature
  6044 | D        | Noticed a short sword of holy wrath
  6044 | D        | Noticed a vampiric short sword
  6045 | D        | Noticed a battleaxe of venom
  6046 | D        | Noticed a flail of protection
  6047 | D        | Killed a battleaxe of venom
  6074 | D        | Killed a short sword of holy wrath
  6081 | D        | Killed a flail of protection
  6081 | D        | Reached XP level 14. HP: 59/59 MP: 27/36
  6108 | D        | Killed a vampiric short sword
  6125 | D        | Got an encrusted quick blade
  6126 | D        | Identified the +10 quick blade "Omeog" {pierce, Str+4} (You found it in the Dungeon)
  6173 | D        | Killed an orange crystal statue
  6429 | D        | Found Sumusa's Magic Scroll Emporium.
  6429 | D        | Found Ypsoar's Antique Weapon Shop.
  6429 | D        | Found Xidakhloene's Magic Scroll Boutique.
  6429 | D        | Found Hezu Uss's Antique Weapon Shoppe.
  6429 | D        | Found Exkoa's Book Boutique.
  6429 | D        | Found Anafyi's Jewellery Emporium.
  6429 | D        | Found Kasoevve's Magic Scroll Shoppe.
  6429 | D        | Found Leixapeu's Gadget Shop.
  6429 | D        | Found Isiko's Distillery.
  6429 | D        | Found Fiego's Antique Armour Emporium.
  6429 | D        | Found Viug Ruv's Jewellery Emporium.
  6429 | D        | Found Ygateun's Food Boutique.
  6445 | D        | Bought 2 potions of curing for 60 gold pieces
  6445 | D        | Bought a potion of magic for 80 gold pieces
  6445 | D        | Bought a potion of heal wounds for 50 gold pieces
  6445 | D        | Bought a potion of curing for 30 gold pieces
  6445 | D        | Bought a potion of heal wounds for 50 gold pieces
  6445 | D        | Bought a potion of curing for 30 gold pieces
  6446 | D        | Bought a scroll of identify for 26 gold pieces
  6446 | D        | Bought 2 scrolls of identify for 52 gold pieces
  6446 | D        | Bought a scroll of identify for 26 gold pieces
  6446 | D        | Bought 2 scrolls of identify for 52 gold pieces
  6446 | D        | Bought 3 scrolls of identify for 78 gold pieces
  6446 | D        | Bought a scroll of enchant weapon for 97 gold pieces
  6457 | D        | Bought a scroll of enchant weapon for 75 gold pieces
  6457 | D        | Bought a scroll of magic mapping for 35 gold pieces
  6457 | D        | Bought a scroll of identify for 20 gold pieces
  6461 | D        | Bought a scroll of enchant weapon for 97 gold pieces
  6483 | D        | Bought a ring of the Octopus King {Wiz AC+1 EV+1 Str+1 Int+1 Dex+1} for 672 gold pieces
  6483 | D        | Bought an uncursed ring of flight for 227 gold pieces
  6495 | D        | Noticed a crystal guardian
  6495 | D        | Noticed a crystal guardian
  6495 | D        | Noticed a crystal guardian
  6495 | D        | Noticed a crystal guardian
  6496 | D        | Killed a crystal guardian
  6499 | D        | Killed a crystal guardian
  6499 | D        | Reached skill level 10 in Poison Magic
  6501 | D        | Killed a crystal guardian
  6505 | D        | Killed a crystal guardian
  6655 | D        | Noticed a purple ugly thing
  6657 | D        | Noticed a yaktaur captain
  6657 | D        | Noticed a water nymph
  6661 | D        | a water nymph changed into a griffon
  6666 | D        | Killed a purple ugly thing
  6686 | D        | Shot with a bolt by a yaktaur captain

Vault maps used:
D:        dungeon_sprint_mu

Action                   |  1- 3 |  4- 6 |  7- 9 | 10-12 | 13-15 || total
-------------------------+-------+-------+-------+-------+-------++-------
Melee: Dagger            |    10 |    13 |    47 |   130 |    71 ||   271
       Short sword       |       |       |       |       |    41 ||    41
       Quick blade       |       |       |       |       |     7 ||     7
 Cast: Ensorcelled Hiber |     5 |     1 |    31 |    22 |     8 ||    67
       Corona            |     1 |       |     1 |       |       ||     2
       Tukima's Dance    |       |       |     5 |       |     4 ||     9
       Dazzling Spray    |       |       |    21 |    29 |    55 ||   105
       Confuse           |       |       |     5 |     1 |     1 ||     7
       Freezing Cloud    |       |       |       |     1 |     8 ||     9
       Poisonous Cloud   |       |       |       |     1 |       ||     1
       Apportation       |       |       |       |       |    18 ||    18
       Shroud of Golubri |       |       |       |       |     6 ||     6
       Passage of Golubr |       |       |       |       |     5 ||     5
       Iron Shot         |       |       |       |       |     2 ||     2
Invok: Shadow Step       |       |       |       |    13 |     8 ||    21
  Use: Potion            |       |     6 |       |       |     1 ||     7
       Scroll            |       |       |       |     2 |    16 ||    18
 Stab: Sleeping          |     6 |     6 |    26 |    43 |    25 ||   106
       Confused          |       |       |     3 |       |     2 ||     5
       Invisible         |       |       |     1 |     6 |     2 ||     9
  Eat: Bread ration      |       |       |       |     1 |       ||     1
       Royal jelly       |       |       |       |       |     1 ||     1
